 Dungeon Crawl Stone Soup version bcrawl-1.27.3 (webtiles) character file.

Game seed: 14889275939979753900

119865 esc the Skirmisher (level 3, 0/31 HPs)
             Began as a Hill Orc Archaeologist on Oct 16, 2020.
             Slain by a jackal (2 damage)
             ... on level 2 of the Dungeon.
             The game lasted 00:02:34 (1408 turns).

esc the Skirmisher (Hill Orc Archaeologist)         Turns: 1408, Time: 00:02:35

Health: 0/31       AC:  8    Str: 14    XL:     3   Next: 83%
Magic:  3/3        EV: 11    Int: 14    God:
Gold:   143        SH:  0    Dex:  9    Spells: 2/2 levels left

rFire    . . .     SeeInvis .   a - +0 whip
rCold    . . .     Gourm    .   (no shield)
rNeg     . . .     Faith    .   o - +0 ring mail
rPois    .         Spirit   .   c - +1 hat
rElec    .         Reflect  .   (no cloak)
rCorr    .         Harm     .   (no gloves)
MR       .....                  d - +1 pair of boots
Stlth    +.........             (no amulet)
HPRegen  0.10/turn              (no ring)
MPRegen  0.08/turn              (no ring)

@: no status effects
A: no striking features
a: no special abilities


You were on level 2 of the Dungeon.
You were very hungry.

You visited 1 branch of the dungeon, and saw 3 of its levels.

You collected 143 gold pieces.

Inventory:

Hand Weapons
 a - a +0 whip (weapon)
Armour
 c - a +1 hat (worn)
 d - a +1 pair of boots (worn)
 o - a +0 ring mail (worn)
Scrolls
 b - a scroll of identify
 g - a scroll of magic mapping
Potions
 h - a potion of agility {unknown}
 i - a potion of haste {unknown}
 k - 2 potions of heal wounds {unknown}
 l - 3 potions of berserk rage {unknown}
 m - a potion of flight {unknown}
 n - 3 potions of curing {unknown}
Miscellaneous
 f - a dusty tome
Comestibles
 e - 4 rations {!d}
 j - a chunk of flesh


   Skills:
 + Level 3.1 Fighting
   Level 3.1 Short Blades
   Level 3.1 Long Blades
   Level 3.1 Axes
   Level 3.1 Maces & Flails
   Level 3.1 Polearms
   Level 3.1 Staves
 + Level 1.2 Armour
 - Level 2.4 Dodging
 - Level 2.6 Stealth
   Level 3.1 Unarmed Combat


You had 2 spell levels left.
You didn't know any spells.
Your spell library was empty.

Dungeon Overview and Level Annotations

Branches:
Dungeon (3/12)

Altars:
Zin


Message History

The adder barely misses you. The jackal misses you.
You are feeling very hungry.
You hit the adder.
The adder is almost dead.
The adder bites you but does no damage. The jackal closely misses you.
The adder bites you but does no damage.
You barely miss the adder.
The adder is almost dead.
The jackal bites you.
* * * LOW HITPOINT WARNING * * *
The adder bites you.
* * * LOW HITPOINT WARNING * * *
You hit the adder.
You kill the adder!
The jackal completely misses you.
The jackal bites you but does no damage.
You closely miss the jackal.
The jackal bites you but does no damage.
You hit the jackal but do no damage. The jackal bites you.
You die...

........#......# ####.#########
..#............##### #......#
.#...[.............########.###
.............)................#
.#..........................###
.##..........#.#.............#
..#.........##...#...........#
..#.#..##.#..................#
..#.##.........h@...........##
....####.#........#........##
....>.............#.#.....##
..#...............#.#.....#
..........###...###.#.....#
..#.>...§§#####.###.#.....#
..#.<..§§§#...#.##..#.....#
###.....§§§...#..#.##...<.#
######......##...##.....#


You could see a jackal.

Vanquished Creatures
  An adder (D:2)
  2 leopard geckos
  An orc (D:3)
  A ball python (D:3)
  5 bats
  6 goblins (D:1)
  5 hobgoblins
  A jackal (D:3)
  5 frilled lizards
  6 kobolds
  4 rats
37 creatures vanquished.

Notes
Turn   | Place    | Note
-------+----------+-------------------------------------------
     0 | D:1      | esc the Hill Orc Archaeologist began the quest for the Orb.
     0 | D:1      | Reached XP level 1. HP: 16/16 MP: 1/1
    47 | D:1      | Reached skill level 2 in Fighting
   158 | D:1      | Reached XP level 2. HP: 22/24 MP: 2/2
   629 | D:1      | Reached XP level 3. HP: 30/30 MP: 3/3
  1231 | D:2      | Found a glowing silver altar of Zin.
  1362 | D:3      | Reached skill level 3 in Fighting
  1365 | D:3      | Reached skill level 1 in Armour
  1408 | D:2      | Slain by a jackal

Skill      XL: |  1  2  3 |
---------------+----------+-----
Fighting       | 2 3 |  3.1
Armour         | 1 |  1.2
Short Blades   | |  3.1
Long Blades    | |  3.1
Axes           | |  3.1
Maces & Flails | |  3.1
Polearms       | |  3.1
Staves         | |  3.1
Dodging        | |  2.4
Stealth        | |  2.6
Unarmed Combat | |  3.1

Action                   || total
-------------------------++-------
Melee: Whip              ||   173
  Use: Scroll            ||     2
  Eat: Chunk             ||     4
Armor: Robe              ||    55
       Ring mail         ||    60
Dodge: Dodged            ||   149
